Map: Ulrena

Players

AugustFuryan

  • Race: Protoss Protoss

Thilly - Winner!

  • Race: Zerg Zerg

VOD

Have the link to the VOD?

Description

Time

  • Played on: Nov. 11, 2015, 10:13 p.m.
  • Length: 2:59
Show
View Real Time Build Order
Export as new Build Order

AugustFuryan Protoss 

Build Orders:  

Get SALT Encoding   

  12  1:36  Probe (Chrono Boost)  
  13  1:42  Pylon  
  13  1:45  Pylon, Assimilator  
  14  1:47  Probe (Chrono Boost), Assimilator  
Show
View Real Time Build Order
Export as new Build Order

Thilly Zerg - Winner!

Build Orders: Hatch First 

Get SALT Encoding   

  12  0:01  Drone  
  13  0:11  Drone  
  14  0:36  Hatchery  
  14  0:41  Drone  
  14  0:47  Drone, Extractor  
  14  1:02  Spawning Pool  
  13  1:05  Drone  
  14  1:14  Overlord  
  14  1:34  Drone x2  
  14  1:35  Drone  
  17  1:55  Queen  
  19  2:12  Queen  
  19  2:13  Drone  
  19  2:14  Drone  
  23  2:17  Zergling x2  
  23  2:20  Zergling x2  
  25  2:25  Drone  
  26  2:32  Drone  
  27  2:40  Drone  
Tags
 
Add a new tag
Caveats
  • Supply blocks, unpowered buildings, or Contaminate may cause inaccurate times.
  • Supply counts are checked every 10 seconds.